 Dungeon Crawl Stone Soup version 0.19.0-2-gae57169 (webtiles) character file.

107 LORDOFBUTT the Covert (level 4, 0/22 HPs)
             Began as a Spriggan Assassin on Nov 4, 2016.
             Was an Initiate of Gozag.
             Slain by a hobgoblin (1 damage)
             ... on level 3 of the Dungeon.
             The game lasted 00:02:41 (2433 turns).

LORDOFBUTT the Covert (Spriggan Assassin)           Turns: 2433, Time: 00:02:41

Health: 0/22       AC:  3    Str:  7    XL:     4   Next: 57%
Magic:  5/5        EV: 17    Int: 12    God:    Gozag
Gold:   97         SH:  0    Dex: 18    Spells: 0 memorised, 3 levels left

rFire  + . .     SeeInvis +     a - +2 dagger
rCold  . . .     Gourm    .     c - +0 robe
rNeg   . . .     Faith    .     (shield restricted)
rPois  .         Spirit   .     (helmet restricted)
rElec  .         Reflect  .     d - +0 cloak
rCorr  .         Harm     .     (gloves unavailable)
MR     .....                    (boots unavailable)
Stlth  ++++......               (no amulet)
                                (no ring)
                                m - ring of protection from fire

@: very quick
A: unfitting armour, see invisible, herbivore 3, speed 3, slow metabolism 2
a: Potion Petition, Call Merchant, Bribe Branch, Renounce Religion


You were on level 3 of the Dungeon.
You worshipped Gozag.
Gozag was noncommittal.
You were not hungry.

You visited 1 branch of the dungeon, and saw 3 of its levels.

You collected 115 gold pieces.
You paid 18 gold pieces to Gozag.

Inventory:

Hand Weapons
 a - a +2 dagger (weapon)
 b - a +0 blowgun
Missiles
 e - 8 poisoned needles
 f - a curare-tipped needle
Armour
 c - a +0 robe (worn)
 d - a +0 cloak (worn)
Jewellery
 m - a ring of protection from fire (left hand)
Scrolls
 h - a scroll of remove curse {unknown}
 k - 4 scrolls of identify {unknown}
 l - 3 scrolls of magic mapping {unknown}
 p - a scroll of fog {unknown}
Potions
 i - a potion of lignification {unknown}
 j - 3 potions of curing {unknown}
 o - a potion of invisibility {unknown}
 q - a potion of flight {unknown}
Comestibles
 g - 2 bread rations
 n - 6 fruits


   Skills:
 - Level 1.5 Fighting
 - Level 2.1 Short Blades
 - Level 2.0 Throwing
 - Level 1.5 Dodging
 + Level 9.1 Stealth


You had 3 spell levels left.
You didn't know any spells.

Dungeon Overview and Level Annotations

Branches:
Dungeon (3/15)

Altars:
Gozag
Xom


Innate Abilities, Weirdness & Mutations

You are very small and have problems with some larger weapons.
You are too small for most types of armour.
You have supernaturally acute eyesight. (SInv)
You are a herbivore.
You cover ground extremely quickly.
You need consume almost no food.


Message History

Found a scroll labeled XOATYMAOTWA, 3 poisoned javelins and 21 gold pieces.
Found two stone staircases leading down.
You hit the hobgoblin.
The hobgoblin is moderately wounded.
The orc shouts!
The hobgoblin closely misses you.
The orc shouts!
You hit the hobgoblin.
The hobgoblin is almost dead.
An orc comes into view.
You closely miss the hobgoblin.
The hobgoblin is almost dead.
The goblin shouts!
The hobgoblin hits you.
* * * LOW HITPOINT WARNING * * *
You barely miss the hobgoblin.
The hobgoblin is almost dead.
The hobgoblin hits you.
You die...
Your body crumbles into a pile of gold.

##..#.##. ...
#$...>..# .
#.......##..
.oo....g... #
#.o........ ...
#.......##.
..(r##........?.
............###
$.>.#.@........
# #.g....####
#......#
########


You could see 3 orcs, a hobgoblin, a goblin and a rat (wandering).

Vanquished Creatures
  Jessica (D:3)
  3 adders (D:2)
  3 worms (D:2)
  2 dart slugs
  2 leopard geckos
  A ball python (D:1)
  2 giant cockroaches
  10 goblins
  3 hobgoblins
  2 quokkas
  3 bats
  3 frilled lizards
  2 kobolds
  5 rats
42 creatures vanquished.

Notes
Turn   | Place    | Note
-------+----------+-------------------------------------------
     0 | D:1      | LORDOFBUTT the Spriggan Assassin began the quest for the Orb.
     0 | D:1      | Reached XP level 1. HP: 10/10 MP: 2/2
   109 | D:1      | Reached skill level 6 in Stealth
   191 | D:1      | Reached XP level 2. HP: 14/14 MP: 3/3
   611 | D:1      | Reached skill level 7 in Stealth
   908 | D:2      | Found a shimmering altar of Xom.
  1052 | D:2      | Reached XP level 3. HP: 18/18 MP: 4/4
  1306 | D:2      | Reached skill level 8 in Stealth
  1573 | D:2      | Found an opulent altar of Gozag.
  2201 | D:2      | Reached XP level 4. HP: 14/22 MP: 5/5
  2290 | D:2      | Became a worshipper of Gozag Ym Sagoz the Greedy
  2390 | D:3      | Noticed Jessica
  2411 | D:3      | Killed Jessica
  2411 | D:3      | Reached skill level 9 in Stealth
  2432 | D:3      | HP: 1/22 [hobgoblin (4)]
  2433 | D:3      | Slain by a hobgoblin

Skill      XL: |  1  2  3  4 |
---------------+-------------+-----
Stealth        | 6 7 8 9 |  9.1
Fighting       | |  1.5
Short Blades   | |  2.1
Throwing       | |  2.0
Dodging        | |  1.5

Action                   |  1- 3 |  4- 6 || total
-------------------------+-------+-------++-------
Melee: Dagger            |   126 |    16 ||   142
 Fire: Blowgun           |    11 |     4 ||    15
 Stab: Sleeping          |     7 |     2 ||     9
       Distracted        |     1 |       ||     1
Armor: Robe              |    17 |     1 ||    18
Dodge: Dodged            |    75 |    10 ||    85
